 Dungeon Sprint DCSS version 0.21.2 (webtiles) character file.

25 Fang the Skirmisher (level 3, -7/39 HPs)
             Began as a Gargoyle Berserker on Sept 27, 2018.
             Was a Priest of Trog.
             Mangled by a fire bat (9 damage)
             ... in the Dungeon (Sprint VII: "The Pits").
             The game lasted 00:00:29 (488 turns).

Fang the Skirmisher (Gargoyle Berserker)             Turns: 488, Time: 00:00:29

Health: -7/39      AC:  5    Str: 26    XL:     3   Next: 4%
Magic:  3/3        EV: 12    Int:  7    God:    Trog [***...]
Gold:   0          SH:  0    Dex:  9    Spells: 2/2 levels left

rFire    . . .     SeeInvis .   j - +2 hand axe
rCold    . . .     Gourm    .   (no shield)
rNeg     + . .     Faith    .   b - +0 animal skin
rPois    ∞         Spirit   .   (no helmet)
rElec    +         Reflect  .   (no cloak)
rCorr    .         Harm     .   (no gloves)
MR       .....     NoTele   +   (no boots)
Stlth    ..........             (no amulet)
HPRegen  0.13/turn              (no ring)
MPRegen  0.08/turn              (no ring)

@: berserking (expiring), very quick
A: negative energy resistance 1, electricity resistance, unbreathing,
petrification resistance, rot immunity, AC +3
a: Berserk, Trog's Hand, Burn Spellbooks, Renounce Religion


You were in the Dungeon.
You worshipped Trog.
Trog was most pleased with you.
You were very hungry.

You visited 1 branch

Inventory:

Hand Weapons
 j - a +2 hand axe (weapon)
Armour
 b - a +0 animal skin (worn)
Scrolls
 i - a scroll of blinking
 k - 3 scrolls of remove curse
 l - a scroll of summoning
Potions
 a - 2 potions of invisibility
 d - a potion of curing
 e - a potion of heal wounds
 f - a potion of haste
 g - 4 potions of magic
 h - 3 potions of berserk rage
Comestibles
 c - 9 rations


   Skills:
 + Level 5.0 Fighting
 + Level 4.2 Axes
 + Level 2.8 Armour
 + Level 2.1 Dodging
 + Level 0.7 Stealth


You had 2 spell levels left.
You didn't know any spells.

Dungeon Overview and Level Annotations

Branches:
Dungeon (1/1)

Altars:
Cheibriados
Dithmenos
Elyvilon
Fedhas
Gozag
Hepliaklqana
Makhleb
Nemelex Xobeh
Okawaru
Qazlal
Ru
Sif Muna
Trog
Vehumet
Wu Jian
Xom
Yredelemnul
Zin
The Shining One
Beogh
Jiyva
Lugonu


Innate Abilities, Weirdness & Mutations

You are resistant to torment.
Your stone body is resilient. (AC +3)
You are immune to poison.
You resist negative energy. (rN+)
You are resistant to electric shocks. (rElec)
You can survive without breathing.
You are immune to petrification.
You are immune to rotting.


Message History

Your base attributes are Str 20, Int 7, Dex 9.
Increase (S)trength, (I)ntelligence, or (D)exterity?
You feel stronger. The fire bat bites you.
You are engulfed in flames!
Unknown command.
You are too injured to fight recklessly!
Unknown command.
You are too injured to fight recklessly!
Unknown command.
You are too injured to fight recklessly!
Unknown command.
You closely miss the fire bat.
The fire bat bites you but does no damage.
The fire bat bites you.
You are engulfed in flames!
* * * LOW HITPOINT WARNING * * *
You feel a strong urge to attack something.
The fire bat bites you.
* * * LOW HITPOINT WARNING * * *
You are engulfed in flames!
You die...

##########.##..........
#..........)'..........
#+#####'#####......#..#
#...#.# #..........
#.÷.#.# ####'#####+
#...'.# #.......#
##'#### #.......#
#.)..b# #.......#
#...@.# #...<...#
#........##.......#
#........##.......#
###########.......#
#########


You could see a fire bat.

Vanquished Creatures
  A river rat (D)
  An ufetubus (D)
  An ooze (D)
  A ball python (D)
  A goblin (D)
  A quokka (D)
  A frilled lizard (D)
  A kobold (D)
8 creatures vanquished.

Notes
Turn   | Place    | Note
-------+----------+-------------------------------------------
     0 | D        | Fang the Gargoyle Berserker began the quest for the Orb.
     0 | D        | Reached XP level 1. HP: 14/14 MP: 1/1
    24 | D        | Found a bloodstained altar of Trog.
    24 | D        | Found a deep blue altar of Sif Muna.
    24 | D        | Found a viscous altar of Jiyva.
    24 | D        | Found a hazy altar of Hepliaklqana.
    24 | D        | Found an opulent altar of Gozag.
    25 | D        | Found a glowing golden altar of the Shining One.
    25 | D        | Found a glowing silver altar of Zin.
    25 | D        | Found a basalt altar of Yredelemnul.
    25 | D        | Found a shimmering altar of Xom.
    25 | D        | Found an ornate altar of the Wu Jian Council.
    25 | D        | Found a sacrificial altar of Ru.
    25 | D        | Found a stormy altar of Qazlal.
    25 | D        | Found an iron altar of Okawaru.
    25 | D        | Found a sparkling altar of Nemelex Xobeh.
    25 | D        | Found a burning altar of Makhleb.
    25 | D        | Found a blossoming altar of Fedhas.
    25 | D        | Found a white marble altar of Elyvilon.
    25 | D        | Found a shadowy altar of Dithmenos.
    25 | D        | Found a snail-covered altar of Cheibriados.
    27 | D        | Found a radiant altar of Vehumet.
    27 | D        | Found a corrupted altar of Lugonu.
    27 | D        | Found a roughly hewn altar of Beogh.
    67 | D        | Reached skill level 4 in Fighting
    69 | D        | Reached ** piety under Trog
    69 | D        | Reached XP level 2. HP: 11/20 MP: 2/2
   481 | D        | Noticed a fire bat
   484 | D        | Reached *** piety under Trog
   485 | D        | Reached skill level 5 in Fighting
   485 | D        | Reached XP level 3. HP: 26/26 MP: 3/3
   488 | D        | Mangled by a fire bat

Skill      XL: |  1  2 |
---------------+-------+-----
Fighting       | 4 5 |  5.0
Axes           | 3 4 |  4.2
Dodging        | 2 |  2.1
Armour         | |  2.8
Stealth        | |  0.7

Action                   || total
-------------------------++-------
Melee: Hand axe          ||    18
Invok: Berserk           ||     3
 Stab: Sleeping          ||     1
Armor: Animal skin       ||     8
Dodge: Dodged            ||    10
